 Dungeon Crawl Stone Soup version 0.25.0-3-gd7cc5688da (webtiles) character file.

Game seed: 17155000048225742730

1404 Delamore the Basher (level 8, -4/46 HPs)
             Began as a Gargoyle Fighter on June 15, 2020.
             Slain by a troll (7 damage)
             ... on level 5 of the Dungeon.
             The game lasted 00:06:56 (5185 turns).

Delamore the Basher (Gargoyle Fighter)              Turns: 5185, Time: 00:06:56

Health: -4/46      AC: 15    Str: 22    XL:     8   Next: 70%
Magic:  8/8        EV:  7    Int:  8    God:
Gold:   219        SH:  8    Dex: 16    Spells: 7/7 levels left

rFire    . . .     SeeInvis .   a - +0 flail
rCold    . . .     Gourm    .   s - +3 buckler
rNeg     + . .     Faith    .   p - +0 chain mail
rPois    ∞         Spirit   .   (no helmet)
rElec    +         Reflect  .   r - +0 cloak
rCorr    +         Harm     .   (no gloves)
MR       .....                  (no boots)
Stlth    ..........             k - amulet of regeneration
HPRegen  0.55/turn              n - ring of resist corrosion
MPRegen  0.11/turn              j - +6 ring of dexterity

@: flying
A: negative energy resistance 1, electricity resistance, unbreathing,
petrification resistance, rot immunity, AC +5
a: no special abilities


You were on level 5 of the Dungeon.
You were not hungry.

You visited 1 branch of the dungeon, and saw 6 of its levels.
You also visited: Sewer.

You collected 219 gold pieces.

Inventory:

Hand Weapons
 a - a +0 flail (weapon)
Armour
 p - a +0 chain mail (worn)
 r - a +0 cloak (worn)
 s - a +3 buckler (worn)
Jewellery
 j - a +6 ring of dexterity (right hand)
 k - an amulet of regeneration (around neck)
 n - a ring of resist corrosion (left hand)
Wands
 u - a wand of flame (22)
Scrolls
 g - 2 scrolls of immolation
 i - a scroll of amnesia
 m - a scroll of fear
 t - a scroll of magic mapping
 w - a scroll of remove curse
 x - a scroll of teleportation
 y - a scroll of random uselessness
 z - a scroll of enchant weapon
Potions
 b - 3 potions of flight
 d - a potion of might
 e - 5 potions of curing {unknown}
 l - a potion of resistance
 o - 5 potions of heal wounds {unknown}
 q - a potion of stabbing
 B - a potion of brilliance
 C - a potion of ambrosia
Comestibles
 f - 14 rations
 A - 9 chunks of flesh


   Skills:
 - Level 3.2 Fighting
 + Level 10.5 Maces & Flails
 - Level 3.2 Armour
 - Level 3.2 Shields


You had 7 spell levels left.
You didn't know any spells.
Your spell library was empty.

Dungeon Overview and Level Annotations

Branches:
Dungeon (6/15)              Sewer (visited)
 Temple: D:4-7

Altars:
Dithmenos
Fedhas
Kikubaaqudgha
Makhleb
Qazlal
Ru
Wu Jian
The Shining One


Innate Abilities, Weirdness & Mutations

You are resistant to torment.
Your stone body is resilient. (AC +5)
You are immune to poison.
You resist negative energy. (rN+)
You are resistant to electric shocks. (rElec)
You can survive without breathing.
You are immune to petrification.
You are immune to rotting.


Message History

You block the troll's attack.
You climb upwards.
There is a stone staircase leading down here.
Your chain mail prevents you from hitting the troll.
The troll is almost dead.
The troll bites you.
* * * LOW HITPOINT WARNING * * *
The troll claws you.
* * * LOW HITPOINT WARNING * * *
You block the troll's attack.
Evoke which item? (* to show all) (? for menu, Esc to quit)
Aiming: Throw Flame
Press: ? - help, Shift-Dir - straight line, f - troll
Aim: a troll (almost dead)
The puff of flame misses the troll.
The troll bites you but does no damage. You block the troll's attack. x2
It was a potion of flight.
You feel very buoyant.
You fly up into the air.
The troll bites you!
You die...

####### #.....# #########
#.....# #.......# ###.....#
#.#####.# ..#.....########
#.# #.#
..#............######.# #.#
.........#####.##.....# #.#
###......#...#.##.#########.#
...............T@..#........#
####.....#.#.####..#.########
# #.....#.#....#..#.# #
#.......#.......#.#
#.#.....#.#..##.#.#
#.........#.....#.#
###....#####.####.#
#.)....(........#
######.########.######


You could see a troll.

Vanquished Creatures
  2 sky beasts (D:6)
  A big kobold (Sewer)
  4 bullfrogs (D:6)
  A scorpion (D:3)
  A howler monkey (D:2)
  A crimson imp (D:4)
  A quasit (D:5)
  A jelly (D:5)
  Crazy Yiuf (D:3)
  A gnoll shaman (D:6)
  A hound (D:6)
  2 orc priests
  An orc wizard (D:6)
  Terence (D:2)
  A bullfrog skeleton (D:5)
  3 worker ants
  2 hound skeletons
  10 adders
  11 gnolls (D:6)
  3 river rats (Sewer)
  An adder zombie (D:5)
  An ooze (D:3)
  2 adder skeletons
  7 worms
  5 dart slugs
  4 leopard geckos
  16 orcs
  5 giant cockroaches
  4 hobgoblins
  14 jackals
  7 kobolds
  3 quokkas
  3 ball pythons (D:3)
  A ball python skeleton (D:6)
  8 bats
  2 frilled lizards (D:3)
  6 goblins
  2 quokka skeletons
  5 rats
145 creatures vanquished.

Notes
Turn   | Place    | Note
-------+----------+-------------------------------------------
     0 | D:1      | Delamore the Gargoyle Fighter began the quest for the Orb.
     0 | D:1      | Reached XP level 1. HP: 14/14 MP: 1/1
   306 | D:1      | Reached XP level 2. HP: 18/19 MP: 2/2
   510 | D:1      | Reached skill level 3 in Maces & Flails
   925 | D:2      | Reached XP level 3. HP: 23/23 MP: 3/3
  1134 | D:2      | Noticed Terence
  1149 | D:2      | Killed Terence
  1149 | D:2      | Reached skill level 4 in Maces & Flails
  1233 | D:2      | Reached XP level 4. HP: 28/28 MP: 4/4
  1301 | D:2      | Found a glowing golden altar of the Shining One.
  1376 | D:2      | Reached skill level 5 in Maces & Flails
  1376 | D:2      | Reached XP level 5. HP: 32/32 MP: 5/5
  1389 | D:2      | Found a stormy altar of Qazlal.
  1903 | D:3      | Reached skill level 6 in Maces & Flails
  1937 | D:3      | Reached XP level 6. HP: 35/37 MP: 6/6
  1941 | D:3      | Found a sacrificial altar of Ru.
  2084 | D:3      | Found a runed translucent door.
  2085 | D:3      | Noticed Crazy Yiuf
  2615 | D:3      | Paralysed by Crazy Yiuf for 3 turns
  2618 | D:3      | Killed Crazy Yiuf
  2704 | D:4      | Found a glowing drain.
  2740 | Sewer    | Entered a sewer
  2835 | Sewer    | Reached skill level 7 in Maces & Flails
  2883 | Sewer    | Found a white marble altar of Elyvilon.
  3092 | D:4      | Reached XP level 7. HP: 41/41 MP: 7/7
  3589 | D:4      | Found a burning altar of Makhleb.
  3730 | D:4      | Found a shadowy altar of Dithmenos.
  3975 | D:4      | Found a blossoming altar of Fedhas.
  4139 | D:5      | Entered Level 5 of the Dungeon
  4241 | D:5      | Reached skill level 8 in Maces & Flails
  4701 | D:6      | Reached skill level 9 in Maces & Flails
  4701 | D:6      | Reached XP level 8. HP: 41/46 MP: 8/8
  4796 | D:6      | Found an ancient bone altar of Kikubaaqudgha.
  4796 | D:6      | Found an ornate altar of the Wu Jian Council.
  4899 | D:6      | Reached skill level 10 in Maces & Flails
  5163 | D:6      | Noticed a troll
  5183 | D:5      | HP: 2/46 [troll (6)]
  5185 | D:5      | Slain by a troll

Illustrated notes

Levels and vault maps discovered:
D:1:      dpeg_arrival_short_road, layout_loops_ring, serial_park_tiny_2
D:2:      layout_loops_ring, nicolae_qazlal_eye_of_the_storm, marbit_many_paths,
          uniq_terence
D:3:      layout_basic, lemuel_crystal_altar, serial_curves, eino_curves_04,
          eino_curves_04, eino_curves_03, minivault_5,
          chequers_serial_rivers_room_b, uniq_crazy_yiuf_cottage
D:4:      layout_layer_cave, makhleb_grotto_becter,
          nicolae_dithmenos_shadow_blocks, cheibrodos_sewer_entry_bend,
          fedhas_altar_4
D:5:      layout_basic, first_ration
D:6:      layout_basic, gammafunk_temple_overflow_wave

Skill      XL: |  1  2  3  4  5  6  7  8 |
---------------+-------------------------+-----
Maces & Flails | 3 4 5 6 7 9 10 | 10.5
Fighting       | |  3.2
Armour         | |  3.2
Shields        | |  3.2

Action                   |  1- 3 |  4- 6 |  7- 9 || total
-------------------------+-------+-------+-------++-------
Melee: Flail             |    92 |   311 |   293 ||   696
Evoke: Wand              |       |       |     1 ||     1
  Use: Scroll            |       |       |    14 ||    14
       Potion            |       |       |     1 ||     1
  Eat: Chunk             |     1 |     7 |     7 ||    15
Armor: Scale mail        |    47 |       |       ||    47
       Chain mail        |     1 |   223 |   199 ||   423
Dodge: Dodged            |    32 |   111 |    94 ||   237
Block: Kite shield       |    41 |    93 |       ||   134
       Buckler           |       |    47 |   105 ||   152
